Map: Acropolis LE

Players

TLO - Winner!

  • Race: Zerg Zerg
  • Spawn Location: 5:00

Rhizer

  • Race: Protoss Protoss
  • Spawn Location: 11:00

VOD

Have the link to the VOD?

Description

Time

  • Played on: Sept. 6, 2019, 1:58 p.m.
  • Length: 10:08
Show
View Real Time Build Order
Export as new Build Order

TLO Zerg - Winner!

Build Orders: Hatch First, Roach Hydra 

Get SALT Encoding   

  12  0:00  Drone  
  13  0:12  Overlord  
  13  0:16  Drone  
  14  0:31  Drone x2  
  16  0:48  Hatchery  
  15  0:51  Drone  
  15  0:55  Drone  
  17  1:08  Spawning Pool  
  16  1:11  Drone  
  16  1:15  Extractor  
  16  1:18  Drone  
  17  1:20  Drone  
  18  1:29  Drone  
  19  1:39  Drone  
  20  1:49  Overlord  
  20  1:55  Queen  
  20  1:59  Queen  
  24  2:01  Zergling x4  
  26  2:11  Drone  
  26  2:14  Drone  
  28  2:24  Drone x2  
  30  2:30  Hatchery  
  30  2:34  Pneumatized Carapace  
  29  2:38  Drone  
  29  2:39  Drone  
  31  2:47  Queen  
  31  2:50  Overlord  
  33  2:54  Drone  
  33  2:57  Zergling x2  
  35  2:58  Drone  
  36  3:09  Drone x2  
  36  3:10  Drone x2  
  36  3:11  Drone  
  36  3:12  Drone  
  42  3:13  Drone  
  42  3:18  Overlord  
  43  3:20  Drone  
  44  3:27  Overlord  
  44  3:33  Spore Crawler  
  44  3:34  Spore Crawler  
  41  3:35  Drone  
  41  3:38  Drone  
  43  3:43  Spore Crawler  
  43  3:44  Drone  
  43  3:45  Drone  
  43  3:46  Drone  
  45  3:50  Metabolic Boost  
  45  3:54  Drone  
  46  3:55  Drone  
  46  3:57  Drone  
  46  3:58  Drone  
  49  4:05  Drone  
  49  4:08  Overlord  
  49  4:09  Drone x2  
  53  4:10  Drone x2  
  53  4:14  Extractor, Drone  
  53  4:16  Drone  
  55  4:17  Drone  
  55  4:21  Overlord  
  56  4:25  Evolution Chamber, Drone x2  
  56  4:27  Drone x2  
  56  4:29  Drone  
  61  4:31  Lair  
  61  4:34  Overlord  
  61  4:35  Drone  
  61  4:36  Drone  
  63  4:41  Drone  
  63  4:43  Drone x2  
  63  4:44  Extractor, Drone x2  
  67  4:50  Roach Warren, Drone x2  
  68  4:53  Drone x3  
  68  4:58  Extractor  
  68  4:59  Overlord  
  70  5:00  Evolution Chamber  
  70  5:02  Zergling x2  
  70  5:03  Drone  
  71  5:09  Drone  
  71  5:11  Extractor  
  71  5:12  Drone, Extractor  
  71  5:13  Drone  
  71  5:14  Drone  
  72  5:15  Drone  
  72  5:18  Drone  
  72  5:20  Overlord, Drone  
  74  5:21  Overlord  
  74  5:23  Overlord  
  74  5:26  Zerg Missile Weapons Level 1  
  74  5:27  Drone  
  74  5:28  Overlord  
  75  5:33  Glial Reconstitution  
  75  5:34  Hydralisk Den, Roach x2  
  78  5:37  Roach  
  78  5:41  Roach  
  78  5:42  Drone  
  83  5:44  Roach x2  
  83  5:47  Roach x2  
  93  5:50  Roach  
  93  5:53  Spore Crawler, Drone  
  93  5:55  Drone  
  94  5:57  Spore Crawler  
  94  5:59  Drone  
  94  6:00  Infestation Pit, Drone  
  94  6:03  Drone x2  
  96  6:04  Overlord  
  96  6:09  Grooved Spines, Hydralisk  
  97  6:15  Hydralisk x2  
  97  6:16  Hydralisk  
  103  6:26  Hydralisk  
  103  6:29  Hydralisk  
  107  6:34  Hydralisk x2  
  107  6:37  Spore Crawler, Hatchery, Hydralisk  
  111  6:42  Overlord, Hydralisk  
  111  6:46  Overlord  
  113  6:49  Hive  
  113  6:50  Overlord  
  113  6:53  Overlord  
  113  6:55  Hydralisk  
  113  6:58  Hydralisk  
  117  7:01  Evolution Chamber, Hydralisk  
  117  7:04  Overlord  
  117  7:05  Hydralisk  
  120  7:10  Zergling x2  
  120  7:13  Zergling x2  
  120  7:14  Hydralisk x2  
  126  7:15  Overseer  
  126  7:16  Hydralisk  
  126  7:20  Queen  
  130  7:23  Muscular Augments  
  130  7:26  Zergling x2  
  130  7:29  Overlord  
  131  7:30  Zerg Missile Weapons Level 2  
  131  7:34  Zerg Ground Armor Level 1  
  131  7:35  Zergling x2  
  131  7:36  Hydralisk  
  132  7:38  Hydralisk  
  132  7:39  Zergling x2  
  137  7:44  Hydralisk  
  137  7:47  Drone  
  137  7:48  Spore Crawler  
  137  7:49  Drone, Hydralisk  
  142  7:51  Drone x3  
  144  7:59  Zergling x2  
  144  8:01  Overlord  
  144  8:03  Overlord  
  144  8:05  Extractor  
  144  8:08  Viper x2  
  144  8:11  Zergling x4  
  144  8:12  Spore Crawler  
  151  8:14  Viper  
  154  8:23  Drone  
  154  8:26  Spore Crawler, Hydralisk  
  157  8:27  Drone  
  157  8:28  Drone  
  157  8:29  Drone x8  
  157  8:31  Roach  
  157  8:32  Overlord  
  168  8:39  Evolution Chamber  
  167  8:41  Hydralisk x4  
  167  8:43  Roach  
  167  8:45  Hydralisk  
  179  8:49  Hydralisk x2  
  179  8:51  Overseer  
  179  8:53  Overlord  
  183  8:59  Evolution Chamber  
  183  9:02  Overlord  
  183  9:03  Roach  
  183  9:04  Overlord  
  183  9:09  Evolution Chamber, Roach  
  183  9:11  Roach x2  
  183  9:12  Hydralisk  
  188  9:17  Hydralisk x4  
  188  9:18  Lurker Den, Roach  
  195  9:31  Hydralisk  
  195  9:32  Hydralisk  
  197  9:39  Hydralisk  
  197  9:49  Zergling x2  
Show
View Real Time Build Order
Export as new Build Order

Rhizer Protoss 

Build Orders: 1 Gate Expand, Oracle Opening, Phoenix Opening, Archon Immortal 

Get SALT Encoding   

  12  0:01  Probe  
  13  0:13  Probe  
  14  0:21  Pylon  
  14  0:25  Probe  
  15  0:35  Probe  
  15  0:40  Gateway  
  16  0:43  Probe  
  16  0:48  Assimilator  
  17  0:53  Probe  
  18  1:05  Probe  
  19  1:17  Probe  
  20  1:25  Nexus  
  20  1:34  Cybernetics Core  
  20  1:36  Probe  
  21  1:45  Assimilator  
  21  1:48  Probe  
  21  1:53  Pylon  
  22  2:01  Probe  
  23  2:07  Adept  
  23  2:10  Probe  
  24  2:18  Probe  
  26  2:25  Stargate  
  26  2:27  Probe  
  29  2:37  Probe, Adept  
  29  2:39  Probe  
  29  2:41  Warp Gate  
  32  2:47  Probe  
  32  2:49  Probe  
  33  2:55  Probe  
  33  2:58  Oracle  
  34  3:01  Probe  
  36  3:05  Probe  
  36  3:06  Gateway  
  40  3:13  Probe  
  40  3:16  Pylon  
  40  3:17  Probe  
  42  3:25  Probe  
  43  3:28  Phoenix  
  43  3:31  Probe  
  42  3:34  Assimilator  
  42  3:36  Adept  
  42  3:37  Probe, Assimilator  
  47  3:43  Probe  
  47  3:44  Pylon  
  48  3:49  Probe  
  49  3:56  Probe  
  49  3:57  Oracle  
  49  4:01  Probe  
  54  4:08  Probe, Robotics Facility  
  55  4:14  Probe  
  56  4:20  Probe  
  56  4:23  Oracle  
  57  4:25  Nexus  
  57  4:27  Pylon  
  57  4:30  Pylon  
  57  4:36  Probe x2  
  62  4:46  Forge  
  62  4:48  Twilight Council  
  62  4:49  Probe  
  62  4:50  Probe  
  62  4:51  Oracle  
  64  4:58  Observer  
  65  5:02  Probe x2  
  70  5:14  Probe, Protoss Ground Weapons Level 1  
  71  5:17  Immortal  
  72  5:22  Oracle  
  72  5:25  Probe  
  72  5:26  Probe  
  77  5:36  Charge  
  77  5:37  Probe  
  77  5:38  Probe  
  77  5:41  Gateway  
  79  5:42  Gateway  
  79  5:45  Probe  
  79  5:48  Immortal  
  79  5:49  Gateway  
  80  5:50  Gateway  
  80  5:54  Sentry  
  86  6:00  Oracle  
  86  6:01  Probe  
  87  6:05  Pylon  
  87  6:07  Pylon, Probe x2  
  92  6:13  Probe  
  93  6:18  Assimilator  
  93  6:21  Pylon, Assimilator  
  93  6:23  Probe  
  93  6:24  Pylon, Probe  
  95  6:30  Immortal, Probe  
  96  6:32  Oracle  
  96  6:38  Gateway  
  99  6:40  Gateway  
  99  6:42  Probe  
  99  6:43  Gateway  
  104  6:49  Shield Battery  
  104  6:50  Shield Battery  
  104  6:53  Shield Battery  
  104  7:04  Immortal  
  104  7:07  Zealot x6  
  116  7:11  Protoss Ground Weapons Level 2  
  116  7:12  Gateway  
  120  7:26  Templar Archives  
  120  7:33  Immortal, Pylon  
  120  7:39  Pylon  
  120  7:42  Psionic Storm  
  124  7:50  Pylon, Zealot x2  
  125  7:53  Nexus  
  125  8:01  Pylon  
  125  8:05  Immortal  
  125  8:07  Zealot  
  125  8:08  High Templar x3  
  125  8:09  High Templar  
  138  8:14  High Templar  
  138  8:15  Zealot x4  
  148  8:25  Probe x2  
  150  8:32  Immortal  
  150  8:37  Pylon  
  150  8:38  Pylon  
  150  8:39  Pylon  
  154  8:49  Zealot  
  154  8:52  Pylon  
  156  9:00  Warp Prism  
  156  9:02  High Templar x4  
  162  9:03  Zealot x5  
  162  9:07  Archon  
  162  9:08  Archon  
  166  9:27  Immortal  
  166  9:31  High Templar x2  
  154  9:32  Zealot x4  
  154  9:36  High Templar  
  157  9:47  High Templar  
  157  9:54  Gateway  
  157  9:56  Zealot x4  
  157  9:57  Zealot x2  
  157  9:58  Gateway  
  157  9:59  Gateway  
  135  10:01  Archon  
  135  10:02  Archon  
  135  10:04  Zealot x2  
Tags
 
Add a new tag
Caveats
  • Supply blocks, unpowered buildings, or Contaminate may cause inaccurate times.
  • Supply counts are checked every 10 seconds.